 Dungeon Crawl Stone Soup version 0.17-a0-1987-gaf5a542 (webtiles) character file.

308 Goresteps the Firebug (level 6, -7/44 HPs)
             Began as a Naga Fire Elementalist on Oct 6, 2015.
             Killed from afar by Natasha (8 damage)
             ... with a magic dart
             ... on level 3 of the Dungeon on Oct 7, 2015.
             The game lasted 00:24:34 (2155 turns).

Goresteps the Firebug (Naga Fire Elementalist)      Turns: 2155, Time: 00:24:34

Health: -7/44      AC:  4    Str: 11    XL:     6   Next: 40%
Magic:  6/12       EV: 10    Int: 19    God:
Gold:   156        SH:  0    Dex: 11    Spells: 4 memorised, 3 levels left

rFire  + . .     SeeInvis +     x - +0 dagger
rCold  x . .     Clarity  .     a - +0 robe
rNeg   . . .     SustAt   .     (no shield)
rPois  +         Gourm    .     (helmet restricted)
rElec  +         Spirit   .     (no cloak)
rCorr  .         Warding  .     n - +0 pair of gloves
rMut   .         Stasis   .     (no barding)
MR     .....                    (no amulet)
Stlth  ++........               r - ring of fire {rF+, rC-}
                                d - +2 ring of slaying

@: very slow, not resistant to hostile enchantments, unstealthy
A: horns 1, see invisible, clever 1, deformed body, frail 1, poison resistance,
screaming 1, electricity resistance, slowness 2, slow metabolism 1, spit poison
2, AC +2
a: Spit Poison


You were on level 3 of the Dungeon.
You were not hungry.

You visited 1 branch of the dungeon, and saw 3 of its levels.

You collected 156 gold pieces.

Inventory:

Hand Weapons
 x - a +0 dagger (weapon)
   (You took it off a kobold on level 1 of the Dungeon)
Armour
 a - a +0 robe (worn)
 f - a +0 scale mail of fire resistance
   (You found it on level 1 of the Dungeon)
 n - a +0 pair of gloves (worn)
   (You found it on level 1 of the Dungeon)
 w - a +0 cloak
   (You found it on level 1 of the Dungeon)
Jewellery
 d - a +2 ring of slaying (left hand)
   (You found it on level 1 of the Dungeon)
 g - an uncursed amulet of rage {+Rage, !d}
   (You found it on level 1 of the Dungeon)
 o - an uncursed ring of teleportation {+/*tele, !d}
   (You found it on level 1 of the Dungeon)
 r - a ring of fire (right hand) {rF+, rC-}
   (You found it on level 3 of the Dungeon)
Wands
 p - a wand of magic darts (23)
   (You found it on level 2 of the Dungeon)
Scrolls
 e - a scroll of amnesia {unknown}
 h - a scroll of identify
 j - 2 scrolls of remove curse
 k - 2 scrolls of recharging
 q - 2 scrolls of noise {unknown}
Potions
 i - a potion of heal wounds {unknown}
 s - a potion of berserk rage {unknown}
 B - 4 potions of curing
Books
 b - a book of Flames
Comestibles
 c - 2 bread rations {@e1}
 m - 3 chunks of flesh {@w0}
 t - a beef jerky


   Skills:
 - Level 1.6 Dodging
 - Level 3.0 Stealth
 + Level 4.4 Spellcasting
 - Level 1.0 Conjurations
 + Level 5.3 Fire Magic


You had 3 spell levels left.
You knew the following spells:

 Your Spells              Type           Power        Failure   Level  Hunger
a - Flame Tongue          Conj/Fire      ###..        4%          1    None
c - Conjure Flame         Conj/Fire      ###.....     12%         3    ###....
s - Sticky Flame          Conj/Fire      ###.....     38%         4    ####...
x - Throw Flame           Conj/Fire      ###...       8%          2    #......


Dungeon Overview and Level Annotations

Branches:
Dungeon (3/15)

Altars:
Cheibriados
Nemelex Xobeh

Annotations:
D:3 Natasha


Innate Abilities, Weirdness & Mutations

You cannot wear boots.
Your serpentine skin is tough (AC +2).
You have supernaturally acute eyesight.
Armour fits poorly on your strangely shaped body.
Your system is resistant to poisons.
You cover ground very slowly.
You have a slow metabolism.
You can spit poison.
You have a pair of small horns on your head.
Your mind is acute. (Int +2)
You are frail (-10% HP).
You occasionally shout uncontrollably at your foes.
You are resistant to electric shocks.


Message History

You feel a surge of power!
The flame tongue hits Natasha.
Natasha appears unharmed.
You now have 2/12 mp.
Aim: Natasha (moderately wounded)
You feel a surge of power!
You miscast Flame Tongue.
You smell smoke.
Natasha casts a spell at you.
You feel yourself slow down.
You now have 1/12 mp.
Aim: Natasha (moderately wounded)
You feel a surge of power!
The flame tongue hits Natasha.
Natasha stares at you and mumbles some strange words.
You easily resist.
Natasha casts a spell at you.
You feel as though you will be slow longer.
Natasha casts a spell.
Natasha casts a spell at you. The magic dart hits you!
You take 8 damage, and have 41/49 hp.
Natasha casts a spell at you. The magic dart hits you!
You take 9 damage, and have 32/49 hp.
Natasha casts a spell at you.
You easily resist.
Natasha stares at you and mumbles some strange words.
You easily resist.
Natasha howls an incantation.
Natasha shimmers violently.
Some of the chunks of flesh in your inventory have rotted away.
Aim: Natasha (heavily wounded)
You feel a surge of power!
The flame tongue hits Natasha.
You kill Natasha!
Natasha screams in pain as she dies!
You now have 1/12 mp.
You see here the felid corpse of Natasha.
You butcher the felid corpse of Natasha.
m - 4 chunks of flesh {@w0} (gained 1) Some of the chunks of flesh in your inventory have rotted away.
You start resting.
You feel yourself speed up.
t - a beef jerky You start resting.
Your magical contamination has completely faded away.
You regained 3 hp, and now have 41/49 hp.
You regained 2 mp, and now have 8/12 mp.
You start resting.
Health restored: 49; MP restored: 12 Drink which item? (? for menu, Esc to quit)
Really quaff
l - 2 potions of mutation {!q}?
You feel extremely strange.
You feel clever.
You feel insulated.
You feel the urge to shout.
Drink which item? (? for menu, Esc to quit)
Really quaff
l - a potion of mutation {!q}?
You feel extremely strange.
You feel frail. A pair of horns grows on your head!
You take 5 damage, and have 44/44 hp.
Natasha, Servant of Life and Death comes into view.
Natasha hisses angrily.
Natasha zaps a wand.
The puff of flame hits you! You resist.
It is a wand of flame.
You take 6 damage, and have 38/44 hp.
Natasha zaps a wand.
The puff of flame hits you! You resist.
You take 4 damage, and have 34/44 hp.
Natasha zaps a wand.
The puff of flame hits you! You resist.
Natasha growls.
Natasha zaps a wand.
The puff of flame hits you! You resist.
You take 9 damage, and have 25/44 hp.
MASSIVE DAMAGE!!
Aim: Natasha, carrying a wand of flame {zapped: 4} You feel a surge of power!
The flame tongue misses Natasha.
Natasha zaps a wand.
The puff of flame hits you! You resist.
You take 5 damage, and have 20/44 hp.
You now have 11/12 mp.
Aim: Natasha, carrying a wand of flame {zapped: 5} You feel a surge of power!
The flame tongue hits Natasha.
Natasha zaps a wand.
The puff of flame hits you! You resist.
You take 3 damage, and have 17/44 hp.
You now have 10/12 mp.
Aim: Natasha, carrying a wand of flame {zapped: 6} (moderately wounded)
You feel a surge of power!
The flame tongue hits Natasha.
Natasha appears unharmed.
Natasha zaps a wand.
The puff of flame hits you! You resist.
You take 2 damage, and have 15/44 hp.
You now have 9/12 mp.
Aim: Natasha, carrying a wand of flame {zapped: 7} (moderately wounded)
You feel a surge of power!
The flame tongue hits Natasha.
Natasha mumbles some strange words.
You now have 8/12 mp.
Aim: Natasha, carrying a wand of flame {zapped: 7} (heavily wounded)
You feel a surge of power!
The flame tongue hits Natasha.
You now have 7/12 mp.
Aim: Natasha, carrying a wand of flame {zapped: 7} (severely wounded)
You feel a surge of power!
The flame tongue hits the white imp.
You now have 6/12 mp.
The white imp gestures at you. The puff of frost hits you!
You feel a terrible chill!
* * * LOW HITPOINT WARNING * * *
Natasha zaps a wand.
The puff of flame hits you! You resist.
* * * LOW HITPOINT WARNING * * *
You take 15 damage, and have 1/44 hp.
MASSIVE DAMAGE!!
Aim: Natasha, carrying a wand of flame {zapped: 8} (severely wounded)
You feel a surge of power!
The flame tongue hits Natasha.
Natasha appears unharmed.
The white imp barely misses you. Natasha casts a spell at you.
The magic dart hits you!
You die...

##.###.#
#######.÷........
#....#.#
#######..#######.
#......# #...........#
#. #....#.#
#.#####..##.# #.
####.#.###.#####..##.#
#. #.#............##.#
#. #.##.......#.†.##.#
#. .#.#...h...#...##.#
#. #
#...@5...#...##.####.
##...................
#........###.........
#.#..............#####
#. #.......######## #
#########


You could see Natasha and a white imp.

Vanquished Creatures
  Sigmund (D:3)
  Jessica (D:2)
  Terence (D:3)
  Natasha (D:3)
  3 adders
  3 giant geckos
  2 orcs (D:3)
  2 giant cockroaches
  8 goblins
  6 hobgoblins
  A jackal (D:3)
  A quokka (D:3)
  4 bats
  3 giant newts
  4 kobolds
  5 rats
46 creatures vanquished.

Notes
Turn   | Place    | Note
--------------------------------------------------------------
     0 | D:1      | Goresteps the Naga Fire Elementalist began the quest for the Orb.
     0 | D:1      | Reached XP level 1. HP: 15/15 MP: 3/3
   170 | D:1      | Reached XP level 2. HP: 22/22 MP: 1/5
   336 | D:1      | You fall through a shaft!
   465 | D:1      | Found a sparkling altar of Nemelex Xobeh.
   900 | D:2      | Reached XP level 3. HP: 28/28 MP: 0/7
   915 | D:2      | Noticed Jessica
  1091 | D:2      | Killed Jessica
  1091 | D:2      | Reached skill level 3 in Spellcasting
  1091 | D:2      | Reached XP level 4. HP: 36/36 MP: 4/8
  1355 | D:3      | Reached skill level 4 in Fire Magic
  1500 | D:3      | Learned a level 3 spell: Conjure Flame
  1515 | D:3      | Noticed Sigmund
  1525 | D:3      | Killed Sigmund
  1525 | D:3      | Reached skill level 4 in Spellcasting
  1525 | D:3      | Reached skill level 5 in Fire Magic
  1525 | D:3      | Reached XP level 5. HP: 26/42 MP: 0/11
  1525 | D:3      | Reached XP level 6. HP: 30/49 MP: 0/12
  1531 | D:3      | Learned a level 4 spell: Sticky Flame
  1534 | D:3      | Learned a level 2 spell: Throw Flame
  1633 | D:3      | Found a snail-covered altar of Cheibriados.
  1638 | D:3      | Noticed Terence
  1662 | D:3      | Killed Terence
  2040 | D:3      | Noticed Natasha
  2057 | D:3      | Killed Natasha
  2141 | D:3      | Gained mutation: Your mind is acute. (Int +2) [potion of mutation]
  2141 | D:3      | Gained mutation: You are resistant to electric shocks. [potion of mutation]
  2141 | D:3      | Gained mutation: You occasionally shout uncontrollably at your foes. [potion of mutation]
  2142 | D:3      | Gained mutation: You are frail (-10% HP). [potion of mutation]
  2142 | D:3      | Gained mutation: You have a pair of small horns on your head. [potion of mutation]
  2145 | D:3      | Noticed Natasha
  2154 | D:3      | HP: 6/44 [white imp/puff of frost[Natasha] (10)]
  2154 | D:3      | HP: 1/44 [Natasha/wand of flame (5)]
  2155 | D:3      | Killed from afar by Natasha

Vault maps used:
D:1:      eino_arrival_water_star, hangedman_abyss_or_decor_stabs,
          nemelex_altar_shiori
D:2:      uniq_jessica
D:3:      cheibriados_altar_1, uniq_sigmund, uniq_natasha, uniq_terence

Action                   |  1- 3 |  4- 6 || total
-------------------------+-------+-------++-------
Melee: Unarmed           |     4 |       ||     4
       Dagger            |    14 |     9 ||    23
 Cast: Flame Tongue      |    40 |    62 ||   102
       Throw Flame       |       |     3 ||     3
       Conjure Flame     |       |     2 ||     2
  Use: Scroll            |     5 |       ||     5
       Potion            |     1 |     2 ||     3
 Stab: Sleeping          |       |     1 ||     1
  Eat: Pizza             |       |     1 ||     1
       Chunk             |       |     2 ||     2

Vault maps used:
D:1:      eino_arrival_water_star, hangedman_abyss_or_decor_stabs,
          nemelex_altar_shiori
D:2:      uniq_jessica
D:3:      cheibriados_altar_1, uniq_sigmund, uniq_natasha, uniq_terence

Table legend:
 A = Turns spent in this place as a percentage of turns spent in the entire game.
 B = Non-inter-level travel turns spent in this place as a percentage of non-inter-level travel turns spent in the entire game.
 C = Inter-level travel turns spent in this place as a percentage of turns spent in this place.
 D = Turns resting spent in this place as a percentage of non-inter-level travel turns spent in this place.
 E = Turns spent auto-exploring this place as a percentage of non-inter-level travel turns spent in this place.
 F = Non-inter-level travel turns spent in this place divided by the number of levels of this place that you've seen.
                   A       B       C       D       E      F
               +-------+-------+-------+-------+-------+----------------------
         Total | 100.0 | 100.0 |   0.1 |   0.8 |   0.6 | 521.0
       Dungeon | 100.0 | 100.0 |   0.1 |   0.8 |   0.6 | 521.0
               +-------+-------+-------+-------+-------+----------------------

Table legend:
 A = Kills in this place as a percentage of kills in entire the game.
 B = Kills by you in this place as a percentage of kills by you in the entire game.
 C = Kills by friends in this place as a percentage of kills by friends in the entire game.
 D = Other kills in this place as a percentage of other kills in the entire game.
 E = Experience gained in this place as a percentage of experience gained in the entire game.
 F = Experience gained in this place divided by the number of levels of this place that you have seen.
                   A       B       C       D       E      F
               +-------+-------+-------+-------+-------+----------------------
         Total | 100.0 | 100.0 |  -nan |  -nan | 100.0 | 146.7
       Dungeon | 100.0 | 100.0 |  -nan |  -nan | 100.0 | 146.7
               +-------+-------+-------+-------+-------+----------------------
